NYP
SPOKANE INDIANS @ TRI-CITY VALLEYCATS
09/06/2044
 
TOP OF THE 1ST
Spokane Indians batting - Pitching for Tri-City ValleyCats : RHP Elroy Meulenkamp
Pitching: RHP Elroy Meulenkamp
Batting: RHB Joe Kemp 0-0: Called Strike
0-1: Ball
1-1: Ball
2-1: Ball
3-1: Ground out 4-3 (Groundball, 4MS, EV 86.9 MPH)
Batting: RHB Roberto Contreras 0-0: Called Strike
0-1: Fly out, F7 (Flyball, 7LS, EV 84.4 MPH)
Batting: RHB Andy Sheridan 0-0: Ball
1-0: Ball
2-0: Ball
3-0: Base on Balls
Batting: RHB Salvador Caldera 0-0: Ball
Passed Ball!
Andy Sheridan to second
1-0: Foul Ball, location: 2F
1-1: 2-RUN HOME RUN (Flyball, 9D, EV 91.9 MPH), Distance : 365 ft
Batting: RHB Brian Morrison 0-0: Ball
1-0: Ball
2-0: Called Strike
2-1: Foul Ball, location: 2F
2-2: Foul Ball, location: 2F
2-2: Ball
3-2: Reached on error, E6 (Groundball, 6D, EV 108.1 MPH)
Batting: LHB Guo-ning Ren 0-0: Foul Ball, location: 2F
Pickoff Throw to First - Error! E1
Brian Morrison to second
0-1: Ball
1-1: Ground out 4-3 (Groundball, 4, EV 95.0 MPH)
Top of the 1st over - 2 runs, 1 hit, 2 errors, 1 left on base; Spokane 2 - Tri-City 0
BOTTOM OF THE 1ST
Tri-City ValleyCats batting - Pitching for Spokane Indians : RHP Loeck Bakker
Pitching: RHP Loeck Bakker
Batting: RHB Justin Olmstead 0-0: Ball
1-0: Called Strike
1-1: Ball
2-1: Ball
3-1: DOUBLE (Groundball, 5L, EV 96.3 MPH)
Batting: SHB Paskar Adegoke 0-0: Ball
1-0: Swinging Strike
1-1: Ball
2-1: Hit by Pitch
Batting: RHB Raul Sanchez 0-0: Foul Ball, location: 2F
0-1: Ball
1-1: Foul Ball, location: 2F
1-2: Ball
2-2: Ball
3-2: Strikes out looking
Justin Olmstead steals 3rd base
Batter strikes out.
Paskar Adegoke to second
Batting: RHB Jordan Williams 0-0: Hit by Pitch
Batting: LHB Vinny Siebecker 0-0: Ball
1-0: Ball
2-0: Ball
3-0: Called Strike
3-1: Fielders Choice at 2nd, 3-6 (Groundball, 34S, EV 86.9 MPH)
Justin Olmstead scores
Paskar Adegoke to third
Batting: RHB Ramon Castellon 0-0: Ball
1-0: Ball
2-0: Foul Ball, location: 2F
2-1: Fly out, F3 (Popup, 3F, EV 69.4 MPH)
Bottom of the 1st over - 1 run, 1 hit, 0 errors, 2 left on base; Spokane 2 - Tri-City 1
TOP OF THE 2ND
Spokane Indians batting - Pitching for Tri-City ValleyCats : RHP Elroy Meulenkamp
Batting: LHB Yat-sen Zhu 0-0: Ball
1-0: Ball
2-0: Foul Ball, location: 2F
2-1: Foul Ball, location: 2F
2-2: Ball
3-2: Strikes out looking
Batting: RHB Zi-jing Wang 0-0: Ball
1-0: Ball
2-0: Called Strike
2-1: Foul Ball, location: 2F
2-2: Ball
3-2: Ground out U3 (Groundball, 13, EV 88.8 MPH)
Batting: RHB Alex Vasquez 0-0: Swinging Strike
0-1: Ball
1-1: Foul Ball, location: 2F
1-2: Ball
2-2: SINGLE (Groundball, 4MD, EV 103.1 MPH)
Batting: RHB Joe Kemp 0-0: Swinging Strike
0-1: Ball
1-1: Ball
2-1: SINGLE (Groundball, 56D, EV 103.1 MPH)
Alex Vasquez to second
Batting: RHB Roberto Contreras 0-0: Ball
1-0: Ball
2-0: Called Strike
2-1: Foul Ball, location: 2F
2-2: Foul Ball, location: 2F
2-2: Strikes out swinging
Top of the 2nd over - 0 runs, 2 hits, 0 errors, 2 left on base; Spokane 2 - Tri-City 1
BOTTOM OF THE 2ND
Tri-City ValleyCats batting - Pitching for Spokane Indians : RHP Loeck Bakker
Batting: LHB Jon Pope 0-0: Ball
1-0: Swinging Strike
1-1: SINGLE (Groundball, 13, EV 87.5 MPH) (infield hit)
Batting: LHB Kyle Moore 0-0: Swinging Strike
0-1: Fly out, F7 (Flyball, 7LS, EV 83.8 MPH)
Batting: RHB Rob Baker 0-0: Called Strike
Jon Pope steals 2nd base
0-1: Called Strike
0-2: Foul Ball, location: 2F
0-2: Strikes out looking
Batting: RHB Justin Olmstead 0-0: Fly out, F9 (Flyball, 9, EV 90.0 MPH)
Bottom of the 2nd over - 0 runs, 1 hit, 0 errors, 1 left on base; Spokane 2 - Tri-City 1
TOP OF THE 3RD
Spokane Indians batting - Pitching for Tri-City ValleyCats : RHP Elroy Meulenkamp
Batting: RHB Andy Sheridan 0-0: Called Strike
0-1: Ball
1-1: Swinging Strike
1-2: Ball
2-2: Foul Ball, location: 2F
2-2: Ball
3-2: Ground out 4-3 (Groundball, 4, EV 85.0 MPH)
Batting: RHB Salvador Caldera 0-0: Ground out 6-3 (Groundball, 6, EV 100.6 MPH)
Batting: RHB Brian Morrison 0-0: Ball
1-0: DOUBLE (Line Drive, 7LM, EV 101.9 MPH)
Batting: LHB Guo-ning Ren 0-0: Ball
1-0: Foul Ball, location: 2F
1-1: Foul Ball, location: 2F
1-2: Ball
2-2: Strikes out swinging
Top of the 3rd over - 0 runs, 1 hit, 0 errors, 1 left on base; Spokane 2 - Tri-City 1
BOTTOM OF THE 3RD
Tri-City ValleyCats batting - Pitching for Spokane Indians : RHP Loeck Bakker
Batting: SHB Paskar Adegoke 0-0: Called Strike
0-1: Ground out 6-3 (Groundball, 6, EV 86.9 MPH)
Batting: RHB Raul Sanchez 0-0: Called Strike
0-1: Ball
1-1: Foul Ball, location: 2F
1-2: Ball
2-2: Strikes out looking
Batting: RHB Jordan Williams 0-0: Called Strike
0-1: Ball
1-1: Foul Ball, location: 2F
1-2: Ball
2-2: Foul Ball, location: 2F
2-2: Foul Ball, location: 2F
2-2: Strikes out swinging
Bottom of the 3rd over - 0 runs, 0 hits, 0 errors, 0 left on base; Spokane 2 - Tri-City 1
TOP OF THE 4TH
Spokane Indians batting - Pitching for Tri-City ValleyCats : RHP Elroy Meulenkamp
Batting: LHB Yat-sen Zhu 0-0: Called Strike
0-1: DOUBLE (Flyball, 7LD, EV 114.4 MPH)
Batting: RHB Zi-jing Wang 0-0: Ball
1-0: Ball
2-0: Ball
3-0: Base on Balls
Batting: RHB Alex Vasquez 0-0: Called Strike
0-1: Ball
1-1: Ball
2-1: Ball
3-1: Called Strike
3-2: Base on Balls
Yat-sen Zhu to third
Zi-jing Wang to second
Batting: RHB Joe Kemp 0-0: Swinging Strike
0-1: Fly out, F9 (Flyball, 89D, EV 99.4 MPH)
Runner from 3rd tags up, SCORES, throw by RF
Zi-jing Wang to third
Batting: RHB Roberto Contreras 0-0: Ball
1-0: Ball
2-0: SINGLE (Line Drive, 8LS, EV 94.4 MPH)
Zi-jing Wang scores
Alex Vasquez to second
Batting: RHB Andy Sheridan 0-0: SINGLE (Line Drive, 9S, EV 92.5 MPH)
Alex Vasquez to third
Roberto Contreras to second
Batting: RHB Salvador Caldera 0-0: Called Strike
0-1: Ball
1-1: SINGLE (Groundball, 4MD, EV 108.1 MPH)
Alex Vasquez scores
Roberto Contreras to third
Andy Sheridan to second
Runner from 3rd tries for Home, SAFE, throw by CF to home
Batting: RHB Brian Morrison 0-0: Foul Ball, location: 2F
0-1: Ball
1-1: Called Strike
1-2: Strikes out swinging
Batting: LHB Guo-ning Ren 0-0: Ball
1-0: Ball
Balk!
Andy Sheridan to third
Salvador Caldera to second
2-0: SINGLE (Line Drive, 56, EV 94.4 MPH)
Andy Sheridan scores
Salvador Caldera to third
Batting: LHB Yat-sen Zhu 0-0: Called Strike
Guo-ning Ren steals 2nd base
0-1: DOUBLE (Line Drive, 89M, EV 108.8 MPH)
Salvador Caldera scores
Guo-ning Ren scores
Pitching: RHP Jon Davis
Batting: RHB Zi-jing Wang 0-0: Ball
1-0: Ball
2-0: Foul Ball, location: 2F
2-1: Called Strike
2-2: Ball
3-2: SINGLE (Flyball, 3D, EV 94.4 MPH)
Yat-sen Zhu to third
Batting: RHB Alex Vasquez 0-0: Called Strike
0-1: Called Strike
0-2: Ball
1-2: Foul Ball, location: 2F
1-2: Foul Ball, location: 2F
1-2: Foul Ball, location: 2F
1-2: Ball
2-2: Foul Ball, location: 2F
2-2: Ball
3-2: Base on Balls
Zi-jing Wang to second
Batting: RHB Joe Kemp 0-0: Called Strike
0-1: Swinging Strike
0-2: Ball
1-2: Ball
2-2: Ball
3-2: Strikes out swinging
Top of the 4th over - 7 runs, 7 hits, 0 errors, 3 left on base; Spokane 9 - Tri-City 1
BOTTOM OF THE 4TH
Tri-City ValleyCats batting - Pitching for Spokane Indians : RHP Loeck Bakker
Batting: LHB Vinny Siebecker 0-0: Ball
1-0: Fly out, F8 (Line Drive, 8LD, EV 92.5 MPH)
Batting: RHB Ramon Castellon 0-0: Called Strike
0-1: Fly out, F8 (Flyball, 8LXD, EV 95.6 MPH)
Batting: LHB Jon Pope 0-0: Called Strike
0-1: Ball
1-1: Ball
2-1: Ground out 5-3 (Groundball, 56S, EV 85.0 MPH)
Bottom of the 4th over - 0 runs, 0 hits, 0 errors, 0 left on base; Spokane 9 - Tri-City 1
TOP OF THE 5TH
Spokane Indians batting - Pitching for Tri-City ValleyCats : RHP Jon Davis
Pitching: RHP Justin Coney
Batting: RHB Roberto Contreras 0-0: SINGLE (Flyball, 5D, EV 89.4 MPH)
Batting: RHB Andy Sheridan 0-0: Foul Ball, location: 2F
0-1: Ball
1-1: SINGLE (Groundball, 4D, EV 103.1 MPH)
Roberto Contreras to second
Batting: RHB Salvador Caldera 0-0: Ball
1-0: Called Strike
1-1: Ball
2-1: Fly out, F8 (Line Drive, 8LD, EV 90.0 MPH)
Batting: RHB Brian Morrison 0-0: Ball
1-0: Called Strike
1-1: SINGLE (Line Drive, 78M, EV 103.8 MPH)
Roberto Contreras to third
Andy Sheridan to second
Batting: LHB Guo-ning Ren 0-0: Ball
1-0: Called Strike
1-1: Swinging Strike
1-2: Ball
2-2: Ball
3-2: GRAND SLAM HOME RUN (Flyball, 89XD, EV 106.3 MPH), Distance : 416 ft
Pitching: RHP Ruben Pujols
Batting: LHB Yat-sen Zhu 0-0: Called Strike
0-1: Ball
1-1: Foul Ball, location: 2F
1-2: Foul Ball, location: 2F
1-2: Foul Ball, location: 2F
1-2: Foul Ball, location: 2F
1-2: Ball
2-2: Ball
3-2: Base on Balls
Batting: RHB Zi-jing Wang 0-0: Called Strike
0-1: Foul Ball, location: 2F
0-2: Foul Ball, location: 2F
0-2: Ball
1-2: Foul Ball, location: 2F
1-2: Ball
2-2: Ball
3-2: Ground out 5-3 (Groundball, 5L, EV 78.8 MPH)
Yat-sen Zhu to second
Batting: RHB Alex Vasquez 0-0: Called Strike
0-1: Ball
1-1: Called Strike
1-2: Hit by Pitch
Batting: RHB Joe Kemp 0-0: Ball
1-0: Ball
2-0: Ball
Balk!
Yat-sen Zhu to third
Alex Vasquez to second
3-0: Called Strike
3-1: Called Strike
3-2: Foul Ball, location: 2F
Balk!
Yat-sen Zhu scores
Alex Vasquez to third
3-2: Base on Balls
Batting: RHB Roberto Contreras 0-0: Called Strike
0-1: Fielders Choice at 2nd, 6-4 (Groundball, 6, EV 95.0 MPH)
Top of the 5th over - 5 runs, 4 hits, 0 errors, 2 left on base; Spokane 14 - Tri-City 1
BOTTOM OF THE 5TH
Tri-City ValleyCats batting - Pitching for Spokane Indians : RHP Loeck Bakker
Batting: LHB Kyle Moore 0-0: SINGLE (Groundball, 4MD, EV 106.3 MPH)
Batting: RHB Rob Baker 0-0: Ball
1-0: Called Strike
Kyle Moore steals 2nd base (no throw)
1-1: Ball
Wild Pitch!
Kyle Moore to third
2-1: DOUBLE (Line Drive, 8LD, EV 110.6 MPH)
Kyle Moore scores
Batting: RHB Justin Olmstead 0-0: Ball
1-0: Foul Ball, location: 2F
1-1: Swinging Strike
1-2: Foul Ball, location: 2F
1-2: SINGLE (Groundball, 4MD, EV 95.6 MPH)
Rob Baker to third
Batting: SHB Paskar Adegoke 0-0: Foul Ball, location: 2F
0-1: Foul Ball, location: 2F
0-2: Ball
1-2: Strikes out swinging
Batting: RHB Raul Sanchez 0-0: DOUBLE (Line Drive, 89D, EV 106.3 MPH)
Rob Baker scores
Justin Olmstead to third
Runner from 3rd tries for Home, SAFE, throw by RF to home
Batting: RHB Jordan Williams 0-0: Ball
1-0: Fly out, F8 (Flyball, 8LD, EV 100.0 MPH)
Batting: LHB Vinny Siebecker 0-0: Ball
1-0: Ground out 6-3 (Groundball, 56, EV 85.0 MPH)
Bottom of the 5th over - 3 runs, 4 hits, 0 errors, 1 left on base; Spokane 14 - Tri-City 4
TOP OF THE 6TH
Spokane Indians batting - Pitching for Tri-City ValleyCats : RHP Ruben Pujols
Batting: RHB Andy Sheridan 0-0: SINGLE (Flyball, 56D, EV 92.5 MPH)
Batting: RHB Salvador Caldera 0-0: Ball
Wild Pitch!
Andy Sheridan to second
1-0: Called Strike
1-1: Ball
2-1: Foul Ball, location: 2F
2-2: Ball
3-2: Foul Ball, location: 2F
3-2: Base on Balls
Batting: RHB Brian Morrison 0-0: Ball
1-0: Foul Ball, location: 2F
1-1: Ball
Wild Pitch!
Andy Sheridan to third
Salvador Caldera to second
2-1: Foul Ball, location: 2F
2-2: Foul Ball, location: 2F
2-2: Ground out 6-3 (Groundball, 6, EV 86.3 MPH)
Andy Sheridan scores
Salvador Caldera to third
Pitching: RHP Chad Curry
Batting: LHB Guo-ning Ren 0-0: Ball
1-0: Swinging Strike
1-1: Foul Ball, location: 2F
1-2: Strikes out swinging
Batting: LHB Yat-sen Zhu 0-0: Ground out 1-3 (Groundball, 34S, EV 65.0 MPH)
Top of the 6th over - 1 run, 1 hit, 0 errors, 1 left on base; Spokane 15 - Tri-City 4
BOTTOM OF THE 6TH
Tri-City ValleyCats batting - Pitching for Spokane Indians : RHP Loeck Bakker
Batting: RHB Ramon Castellon 0-0: Called Strike
0-1: Foul Ball, location: 2F
0-2: SINGLE (Flyball, 89S, EV 90.0 MPH)
Batting: LHB Jon Pope 0-0: Foul Ball, location: 2F
0-1: Ground out U3 (Groundball, 3S, EV 65.0 MPH)
Ramon Castellon to second
Batting: LHB Kyle Moore 0-0: Hit by Pitch
Batting: RHB Rob Baker 0-0: Called Strike
0-1: Fielders Choice at 3rd, U5 (Groundball, 5L, EV 86.3 MPH)
Kyle Moore to second
Batting: RHB Justin Olmstead 0-0: Ball
1-0: Foul Ball, location: 2F
1-1: Swinging Strike
1-2: Ball
2-2: Ball
3-2: Foul Ball, location: 2F
3-2: Ground out 5-3 (Groundball, 5S, EV 79.4 MPH)
Bottom of the 6th over - 0 runs, 1 hit, 0 errors, 2 left on base; Spokane 15 - Tri-City 4
TOP OF THE 7TH
Spokane Indians batting - Pitching for Tri-City ValleyCats : RHP Chad Curry
Batting: RHB Zi-jing Wang 0-0: DOUBLE (Flyball, 8RXD, EV 104.4 MPH)
Pinch Hitting: LHB Akira Yamano 0-0: Swinging Strike
0-1: Foul Ball, location: 2F
0-2: Ball
1-2: Ball
2-2: Strikes out swinging
Pinch Hitting: SHB Harrison McLaughlin 0-0: Called Strike
0-1: Foul Ball, location: 2F
0-2: Ball
1-2: Ball
2-2: Ball
3-2: Foul Ball, location: 2F
3-2: Strikes out swinging
Pinch Hitting: RHB Roberto Monzon 0-0: Foul Ball, location: 2F
0-1: Ball
1-1: Called Strike
1-2: Ball
2-2: Strikes out swinging
Top of the 7th over - 0 runs, 1 hit, 0 errors, 1 left on base; Spokane 15 - Tri-City 4
BOTTOM OF THE 7TH
Tri-City ValleyCats batting - Pitching for Spokane Indians : RHP Loeck Bakker
Now at 1B: Yat-sen Zhu
Now at 3B: Takeo Nishiguchi
Now at SS: Akira Yamano
Now in CF: Salvador Caldera
Now in RF: Harrison McLaughlin
Batting: SHB Paskar Adegoke 0-0: Ground out 4-3 (Groundball, 4M, EV 81.9 MPH)
Batting: RHB Raul Sanchez 0-0: Ball
1-0: Swinging Strike
1-1: Foul Ball, location: 2F
1-2: Ball
2-2: Ground out 4-3 (Groundball, 4MD, EV 95.6 MPH)
Batting: RHB Jordan Williams 0-0: Ball
1-0: Called Strike
1-1: Swinging Strike
1-2: Ball
2-2: Foul Ball, location: 2F
2-2: Reached on error, E3 (Groundball, 34S, EV 86.9 MPH)
Batting: LHB Vinny Siebecker 0-0: Ball
1-0: Called Strike
1-1: Ball
2-1: Fly out, F8 (Flyball, 8RXD, EV 103.1 MPH)
Bottom of the 7th over - 0 runs, 0 hits, 1 error, 1 left on base; Spokane 15 - Tri-City 4
TOP OF THE 8TH
Spokane Indians batting - Pitching for Tri-City ValleyCats : RHP Chad Curry
DELAY Rain delay of 41 minutes in the 8th inning.
Batting: RHB Andy Sheridan 0-0: Foul Ball, location: 2F
0-1: Ball
1-1: Ball
2-1: Called Strike
2-2: Strikes out swinging
Pitching: LHP Mike Holloway
Batting: RHB Salvador Caldera 0-0: Ball
1-0: Ground out 6-3 (Groundball, 6, EV 105.0 MPH)
Pinch Hitting: RHB Francisco Trejo 0-0: Called Strike
0-1: Called Strike
0-2: Foul Ball, location: 2F
0-2: Ball
1-2: Foul Ball, location: 2F
1-2: Ground out 2-3 (Groundball, 13S, EV 69.4 MPH)
Top of the 8th over - 0 runs, 0 hits, 0 errors, 0 left on base; Spokane 15 - Tri-City 4
BOTTOM OF THE 8TH
Tri-City ValleyCats batting - Pitching for Spokane Indians : RHP Loeck Bakker
Pitching: RHP Edwin Velazquez
Now at 2B: Akira Yamano
Now at SS: Francisco Trejo
Batting: RHB Ramon Castellon 0-0: Called Strike
0-1: Foul Ball, location: 2F
0-2: Foul Ball, location: 2F
0-2: Strikes out looking
Batting: LHB Jon Pope 0-0: Ball
1-0: Ground out U3 (Groundball, 3, EV 85.6 MPH)
Batting: LHB Kyle Moore 0-0: Called Strike
0-1: Swinging Strike
0-2: Strikes out swinging
Bottom of the 8th over - 0 runs, 0 hits, 0 errors, 0 left on base; Spokane 15 - Tri-City 4
TOP OF THE 9TH
Spokane Indians batting - Pitching for Tri-City ValleyCats : LHP Mike Holloway
Pinch Hitting: RHB David Reyna 0-0: Called Strike
0-1: Ball
1-1: Ball
2-1: Foul Ball, location: 2F
2-2: Ball
3-2: Foul Ball, location: 2F
3-2: Strikes out swinging
Batting: LHB Yat-sen Zhu 0-0: Called Strike
0-1: Ball
1-1: Ball
2-1: Ball
3-1: Called Strike
3-2: Fly out, F8 (Flyball, 8LXD, EV 107.5 MPH)
Batting: RHB Zi-jing Wang 0-0: Ball
1-0: Called Strike
1-1: Ball
2-1: Ball
3-1: Base on Balls
Pinch Hitting: RHB Justin Aslinger 0-0: Swinging Strike
0-1: Swinging Strike
0-2: Strikes out swinging
Top of the 9th over - 0 runs, 0 hits, 0 errors, 1 left on base; Spokane 15 - Tri-City 4
BOTTOM OF THE 9TH
Tri-City ValleyCats batting - Pitching for Spokane Indians : RHP Edwin Velazquez
Now at C: David Reyna
Now at 1B: Justin Aslinger
Now at 2B: Yat-sen Zhu
Batting: RHB Rob Baker 0-0: Called Strike
0-1: Ball
1-1: Fly out, F9 (Flyball, 9D, EV 106.9 MPH)
Batting: RHB Justin Olmstead 0-0: Called Strike
0-1: Ball
1-1: Called Strike
1-2: Ball
2-2: Foul Ball, location: 2F
2-2: Foul Ball, location: 2F
2-2: Ground out 1-3 (Groundball, 13S, EV 65.6 MPH)
Batting: SHB Paskar Adegoke 0-0: Ball
1-0: DOUBLE (Line Drive, 9LM, EV 98.8 MPH)
Batting: RHB Raul Sanchez 0-0: Ball
1-0: Foul Ball, location: 2F
1-1: Foul Ball, location: 2F
1-2: Foul Ball, location: 2F
1-2: Ball
2-2: Strikes out swinging
Bottom of the 9th over - 0 runs, 1 hit, 0 errors, 1 left on base; Spokane 15 - Tri-City 4
Thursday, March 31st , 2022 - OOTP Baseball 22.12 Build 89